 Dungeon Crawl Stone Soup version 0.29.1-1-gd02db6906a (webtiles) character file.

Game seed: 18210294403803126287

133 RogueRain17 the Conjurer (level 4, -1/33 HPs)
             Began as a Demigod Conjurer on Sept 27, 2022.
             Slain by a gnoll
             ... wielding a +0 spear
              (8 damage)
             ... on level 3 of the Dungeon.
             The game lasted 00:07:27 (2537 turns).

RogueRain17 the Conjurer (Demigod Conjurer)         Turns: 2537, Time: 00:07:27

Health: -1/33      AC:  4    Str:  8    XL:     4   Next: 63%
Magic:  0/9        EV: 12    Int: 24    God:
Gold:   69         SH:  0    Dex: 12    Spells: 1/6 levels left

rFire   . . .      SeeInvis .   i - +0 sling
rCold   . . .      Faith    .   (no shield)
rNeg    . . .      Spirit   .   a - +0 robe
rPois   .          Reflect  .   j - +0 helmet
rElec   .          Harm     .   (no cloak)
rCorr   .          Rampage  .   n - +0 pair of gloves
Will    .....                   (no boots)
Stlth   ++........              (no amulet)
HPRegen 0.11/turn               b - ring of flight
MPRegen 0.11/turn               (no ring)

@: flying
A: high MP 1, forlorn, divine attributes
a: no special abilities


You were on level 3 of the Dungeon.
You visited 1 branch of the dungeon, and saw 3 of its levels.

You collected 69 gold pieces.

Inventory:

Hand Weapons
 i - a +0 sling (weapon)
Armour
 a - a +0 robe (worn)
 j - a +0 helmet (worn)
 n - a +0 pair of gloves (worn)
Jewellery
 b - a ring of flight (left hand)
Wands
 h - a wand of quicksilver (12)
Scrolls
 c - 2 scrolls of identify {unknown}
 f - 3 scrolls of enchant weapon {unknown}
 g - 2 scrolls of enchant armour {unknown}
 m - 2 scrolls of blinking {unknown}
 o - a scroll of magic mapping {unknown}
 p - a scroll of teleportation {unknown}
Potions
 d - a potion of mutation {unknown}
 e - a potion of attraction
 k - a potion of brilliance {unknown}
 l - a potion of curing {unknown}


   Skills:
 - Level 1.8 Dodging
 - Level 1.8 Stealth
 - Level 1.8 Spellcasting
 + Level 5.7 Conjurations


You had one spell level left.
You knew the following spells:

 Your Spells              Type           Power      Damage    Failure   Level
a - Magic Dart            Conj           100%       1d8       1%          1
b - Searing Ray           Conj           58%        2d6       1%          2
c - Wereblood             Tmut           2%         N/A       19%         2

Your spell library contained the following spells:

 Spells                   Type           Power      Damage    Failure   Level
 Beastly Appendage        Tmut           4%         N/A       12%         1
 Summon Small Mammal      Summ           8%         N/A       12%         1
 Dazzling Flash           Conj/Hex       30%        N/A       12%         3
 Call Canine Familiar     Summ           2%         N/A       36%         3
 Ozocubu's Armour         Ice            2%         N/A       36%         3
 Spider Form              Tmut/Pois      2%         N/A       36%         3
 Summon Guardian Golem    Hex/Summ       2%         N/A       36%         3
 Fulminant Prism          Conj/Hex       7%         3d7       36%         4
 Iskenderun's Mystic Bla  Conj/Tloc      15%        2d5       36%         4
 Metabolic Englaciation   Hex/Ice        1%         N/A       98%         5
 Simulacrum               Ice/Necr       1%         N/A       100%        6


Dungeon Overview and Level Annotations

Branches:
Dungeon (3/15)


Innate Abilities, Weirdness & Mutations

You have an increased reservoir of magic. (+10% MP)
You shall have no god before yourself.
Your divine heritage dramatically boosts your attributes as you level up.


Message History

Press: ? - help, Shift-Dir - straight line, f/p - gnoll
Aim: a gnoll, wielding a +0 whip (moderately wounded, 56% to hit)
You shoot a sling bullet.
The sling bullet closely misses the gnoll.
Unknown command.
Fire: i) +0 sling
Press: ? - help, Shift-Dir - straight line, f/p - gnoll
Aim: a gnoll, wielding a +0 whip (moderately wounded, 56% to hit)
You shoot a sling bullet.
The sling bullet closely misses the gnoll.
The sling bullet hits the gnoll.
The gnoll is moderately wounded.
The gnoll closely misses you.
The gnoll hits you from afar with a +0 spear.
Fire: i) +0 sling
Press: ? - help, Shift-Dir - straight line, f/p - gnoll
Aim: a gnoll, wielding a +0 whip (moderately wounded, 56% to hit)
You shoot a sling bullet. The sling bullet hits the gnoll.
The gnoll is heavily wounded.
The gnoll hits you with a +0 whip. The gnoll misses you.
The gnoll barely misses you.
The gnoll hits you from afar with a +0 spear.
Fire: i) +0 sling
Press: ? - help, Shift-Dir - straight line, f/p - gnoll
Aim: a gnoll, wielding a +0 whip (heavily wounded, 56% to hit)
You shoot a sling bullet.
The sling bullet closely misses the gnoll.
The sling bullet hits the gnoll but does no damage.
The gnoll is moderately wounded.
The gnoll hits you with a +0 whip! The gnoll misses you.
Fire: i) +0 sling
Press: ? - help, Shift-Dir - straight line, f/p - gnoll
Aim: a gnoll, wielding a +0 whip (heavily wounded, 56% to hit)
You shoot a sling bullet. The sling bullet hits the gnoll.
The gnoll is almost dead.
The gnoll hits you with a +0 whip.
The gnoll hits you from afar with a +0 spear.
* * * LOW HITPOINT WARNING * * *
The gnoll hits you from afar with a +0 spear!
You die...

.. #.# #.# #.# #.#
#######.# ##########
........####....@gg.##
.####.)........####..#
...####......####....#
.....####..####......#
.......######.....#g##
##.....# #.....#.##
#....### ###......#
...### ###....# .####
###..#


You could see 2 gnolls.

Vanquished Creatures
  Robin (D:2)
  5 adders
  2 gnolls (D:3)
  2 worms (D:3)
  A dart slug (D:1)
  An orc (D:3)
  5 bats
  2 endoplasms
  2 giant cockroaches
  14 goblins
  4 hobgoblins
  A quokka (D:2)
  2 ball pythons (D:3)
  5 frilled lizards
  4 kobolds
51 creatures vanquished.

Vanquished Creatures (others)
  6 fungi (D:3)
  8 plants (D:3)
14 creatures vanquished.

Grand Total: 65 creatures vanquished

Notes
Turn   | Place    | Note
-------+----------+-------------------------------------------
     0 | D:1      | RogueRain17 the Demigod Conjurer began the quest for the
                  | Orb.
     0 | D:1      | Reached XP level 1. HP: 14/14 MP: 5/5
   414 | D:1      | Reached skill level 4 in Conjurations
   470 | D:1      | Reached XP level 2. HP: 20/20 MP: 4/7
  1006 | D:2      | Noticed Robin
  1372 | D:2      | Killed Robin
  1373 | D:2      | Reached XP level 3. HP: 10/26 MP: 1/8
  1682 | D:2      | Reached skill level 5 in Conjurations
  1913 | D:2      | You are sucked into a shaft and drop 1 floor!
  2043 | D:3      | Reached XP level 4. HP: 33/33 MP: 3/9
  2409 | D:3      | Learned a level 2 spell: Searing Ray
  2412 | D:3      | Learned a level 2 spell: Wereblood
  2523 | D:3      | Noticed a necrophage
  2537 | D:3      | Slain by a gnoll

Illustrated notes

Levels and vault maps discovered:
D:1:      nicolae_arrival_memento_mori, layout_basic, serial_bayou_crossing
D:2:      layout_basic, palyth_stone_intersect, hex_tiny, minmay_joined_circles,
          uniq_robin
D:3:      layout_loops_cross, dreamdust_ecumenical_altar_grove,
          kennysheep_another_room, minmay_misc_feat_x, st_stairs_9

Skill      XL: |  1  2  3 |
---------------+----------+-----
Conjurations   | 4 5 |  5.7
Dodging        | |  1.8
Stealth        | |  1.8
Spellcasting   | |  1.8

Action                   |  1- 3 |  4- 6 || total
-------------------------+-------+-------++-------
Melee: Unarmed           |    12 |       ||    12
 Fire: Sling             |    18 |     5 ||    23
 Cast: Magic Dart        |    78 |    40 ||   118
  Use: Potion            |     3 |       ||     3
Armor: Skin              |     5 |       ||     5
       Robe              |     7 |     2 ||     9
Dodge: Dodged            |    27 |     7 ||    34
